 Dungeon Crawl Stone Soup version 0.26-a0-708-g17f3b190f9 (webtiles) character file.

Game seed: 7765335853658423226

93 Kinoniko the Insei (level 4, 0/34 HPs)
             Began as a Gnoll Transmuter on Oct 28, 2020.
             Slain by an orc priest
             ... wielding a +0 hand axe of freezing
              (5 damage)
             ... on level 3 of the Dungeon.
             The game lasted 00:02:44 (2029 turns).

Kinoniko the Insei (Gnoll Transmuter)               Turns: 2029, Time: 00:02:45

Health: 0/34       AC:  3    Str: 14    XL:     4   Next: 62%
Magic:  9/11       EV: 14    Int: 21    God:
Gold:   69         SH:  0    Dex: 15    Spells: 10/13 levels left

rFire    + . .     SeeInvis .   o - +0 morningstar
rCold    + . .     Faith    .   (no shield)
rNeg     . . .     Spirit   .   k - +0 leather armour
rPois    +         Reflect  .   (helmet currently unavailable)
rElec    +         Harm     .   (no cloak)
rCorr    +         Rampage  .   (no gloves)
MR       .....                  (boots currently unavailable)
Stlth    ++........             (no amulet)
HPRegen  0.11/turn              b - +6 ring of intelligence
MPRegen  0.12/turn              (no ring)

@: mighty, appendages (expiring), resistant, wereblooded, stab, flying, hasted,
very quick
A: distributed training, fangs 1, horns 2, talons 2, strong nose
a: End Transformation


You were on level 3 of the Dungeon.
You had grown temporary horns.
You had grown temporary talons.
You visited 1 branch of the dungeon, and saw 3 of its levels.

You collected 69 gold pieces.

Inventory:

Hand Weapons
 j - a +0 whip
 o - a +0 morningstar (weapon)
Armour
 a - a +0 robe
 g - a +0 pair of boots (melded)
 k - a +0 leather armour (worn)
Jewellery
 b - a +6 ring of intelligence (left hand)
Scrolls
 d - a scroll of enchant armour {unknown}
 e - a scroll of enchant weapon {unknown}
 f - 2 scrolls of identify {unknown}
 m - 2 scrolls of remove curse {unknown}


   Skills:
 + Level 2.8 Fighting
 + Level 1.2 Short Blades
 + Level 1.2 Long Blades
 + Level 1.2 Axes
 + Level 1.2 Maces & Flails
 + Level 1.2 Polearms
 + Level 1.2 Staves
 + Level 1.2 Slings
 + Level 1.2 Bows
 + Level 1.2 Crossbows
 + Level 1.2 Throwing
 + Level 1.2 Armour
 + Level 4.6 Dodging
 + Level 1.2 Stealth
 + Level 1.2 Shields
 + Level 6.6 Unarmed Combat
 + Level 5.1 Spellcasting
 + Level 1.0 Conjurations
 + Level 1.0 Hexes
 + Level 1.0 Summonings
 + Level 1.0 Necromancy
 + Level 1.0 Translocations
 + Level 3.8 Transmutations
 + Level 1.0 Fire Magic
 + Level 1.0 Ice Magic
 + Level 1.0 Air Magic
 + Level 1.0 Earth Magic
 + Level 1.0 Poison Magic
 + Level 1.3 Invocations
 + Level 1.2 Evocations


You had 10 spell levels left.
You knew the following spells:

 Your Spells              Type           Power        Failure   Level
a - Beastly Appendage     Tmut           ###...       2%          1
b - Wereblood             Tmut           ###.....     4%          2

Your spell library contained the following spells:

 Spells                   Type           Power        Failure   Level
 Spider Form              Tmut/Pois      ###.......   14%         3
 Ice Form                 Ice/Tmut       ###.....     43%         4
 Blade Hands              Tmut           ###.......   58%         5


Dungeon Overview and Level Annotations

Branches:
Dungeon (2/15)

Altars:


Innate Abilities, Weirdness & Mutations

Your experience applies equally to all skills.
You have very sharp teeth.
Your uncanny sense of smell can sniff out nearby items.
You have a pair of horns on your head.
You have razor-sharp toenails.


Message History

You howl as the wereblood boils in your veins!
The orc hits you.
* * * LOW HITPOINT WARNING * * *
The orc priest calls upon Beogh to heal the orc.
The orc's wounds heal themselves!
It was a potion of stabbing.
You feel ready to backstab.
Your transformation is almost over.
The orc hits you but does no damage. The orc priest misses you.
It was a potion of might.
You feel very mighty all of a sudden. The orc closely misses you.
The orc priest looks encouraged for a moment.
It was a potion of haste.
You feel yourself speed up. The orc hits you but does no damage.
The orc priest completely misses you.
Unknown command.
You thump the orc!
You kill the orc!
You howl as the wereblood boils in your veins!
The orc priest hits you with a +0 hand axe of freezing.
You die...

..#.##..............#.......#
.. #..............#.#######
#.)............#'####
#...................#
########...................#
......)....................#
.##############..##.#.........
.# ##.##.#.......... .#
#@.#.#.......... .#
##o#.#[......... .#
og.###+##..... .# #..# .# ....
.# ..### .# ..# .# .# .#


You could see an orc priest, an orc wizard (fast) and a hobgoblin.

Vanquished Creatures
  An orc wizard (D:3)
  An adder (D:3)
  2 dart slugs (D:1)
  3 orcs (D:3)
  A ball python (D:3)
  3 giant cockroaches (D:1)
  11 goblins
  3 hobgoblins
  2 quokkas (D:3)
  3 bats
  4 frilled lizards
  6 kobolds (D:1)
  6 rats
46 creatures vanquished.

Notes
Turn   | Place    | Note
-------+----------+-------------------------------------------
     0 | D:1      | Kinoniko the Gnoll Transmuter began the quest for the Orb.
     0 | D:1      | Reached XP level 1. HP: 17/17 MP: 6/6
   328 | D:1      | Reached XP level 2. HP: 23/23 MP: 7/7
   336 | D:1      | Learned a level 2 spell: Wereblood
   903 | D:1      | Reached XP level 3. HP: 23/28 MP: 7/9
   906 | D:1      | Reached skill level 5 in Spellcasting
  1435 | D:2      | You fall into a shaft and drop 1 floor!
  1438 | D:3      | Reached skill level 1 in Invocations
  1599 | D:3      | Reached skill level 1 in Short Blades
  1599 | D:3      | Reached skill level 1 in Long Blades
  1599 | D:3      | Reached skill level 1 in Axes
  1599 | D:3      | Reached skill level 1 in Maces & Flails
  1599 | D:3      | Reached skill level 1 in Polearms
  1599 | D:3      | Reached skill level 1 in Staves
  1599 | D:3      | Reached skill level 1 in Slings
  1599 | D:3      | Reached skill level 1 in Bows
  1599 | D:3      | Reached skill level 1 in Crossbows
  1599 | D:3      | Reached skill level 1 in Throwing
  1599 | D:3      | Reached skill level 1 in Armour
  1599 | D:3      | Reached skill level 1 in Stealth
  1599 | D:3      | Reached skill level 1 in Shields
  1599 | D:3      | Reached skill level 1 in Evocations
  1836 | D:3      | Reached XP level 4. HP: 34/34 MP: 11/11
  2022 | D:3      | Reached skill level 1 in Conjurations
  2022 | D:3      | Reached skill level 1 in Hexes
  2022 | D:3      | Reached skill level 1 in Summonings
  2022 | D:3      | Reached skill level 1 in Necromancy
  2022 | D:3      | Reached skill level 1 in Translocations
  2022 | D:3      | Reached skill level 1 in Fire Magic
  2022 | D:3      | Reached skill level 1 in Ice Magic
  2022 | D:3      | Reached skill level 1 in Air Magic
  2022 | D:3      | Reached skill level 1 in Earth Magic
  2022 | D:3      | Reached skill level 1 in Poison Magic
  2029 | D:3      | Slain by an orc priest

Illustrated notes

Levels and vault maps discovered:
D:1:      dpeg_arrival_orchard, layout_basic, serial_glass, glass_columns_a,
          glass_columns_a, minmay_strange_pillars
D:2:      layout_basic, marbit_many_paths, minitemple, uniq_robin, uniq_jessica,
          uniq_sigmund
D:3:      layout_basic, chequers_ecumenical_altar_grove

Skill      XL: |  1  2  3  4 |
---------------+-------------+-----
Spellcasting   | 5 |  5.1
Invocations    | 1 |  1.3
Short Blades   | 1 |  1.2
Long Blades    | 1 |  1.2
Axes           | 1 |  1.2
Maces & Flails | 1 |  1.2
Polearms       | 1 |  1.2
Staves         | 1 |  1.2
Slings         | 1 |  1.2
Bows           | 1 |  1.2
Crossbows      | 1 |  1.2
Throwing       | 1 |  1.2
Armour         | 1 |  1.2
Stealth        | 1 |  1.2
Shields        | 1 |  1.2
Evocations     | 1 |  1.2
Conjurations   | 1 |  1.0
Hexes          | 1 |  1.0
Summonings     | 1 |  1.0
Necromancy     | 1 |  1.0
Translocations | 1 |  1.0
Fire Magic     | 1 |  1.0
Ice Magic      | 1 |  1.0
Air Magic      | 1 |  1.0
Earth Magic    | 1 |  1.0
Poison Magic   | 1 |  1.0
Fighting       | |  2.8
Dodging        | |  4.6
Unarmed Combat | |  6.6
Transmutations | |  3.8

Action                   |  1- 3 |  4- 6 || total
-------------------------+-------+-------++-------
Melee: Unarmed           |    16 |       ||    16
       Bite              |     9 |     2 ||    11
       Kick              |    10 |     2 ||    12
       Dagger            |    34 |       ||    34
       Whip              |    73 |     9 ||    82
       Headbutt          |     2 |     1 ||     3
       Punch             |     2 |     1 ||     3
       Morningstar       |       |     7 ||     7
 Cast: Beastly Appendage |     7 |     1 ||     8
       Wereblood         |       |     1 ||     1
  Use: Potion            |       |     5 ||     5
 Stab: Sleeping          |     4 |       ||     4
Armor: Robe              |    22 |       ||    22
       Leather armour    |     3 |     5 ||     8
Dodge: Dodged            |   109 |    20 ||   129

Table legend: (Time is in decaauts)
 A = Elapsed time spent in this place.
 B = Non-inter-level travel time spent in this place.
 C = Inter-level travel time spent in this place.
 D = Time resting spent in this place.
 E = Time spent auto-exploring this place.
 F = Levels seen in this place.
 G = Mean time per level.
                   A        B        C        D        E       F      G
               +--------+--------+--------+--------+--------+-----+--------+
         Total |   2032 |   2014 |     18 |    547 |   1139 |   3 |  677.3 |
       Dungeon |   2032 |   2014 |     18 |    547 |   1139 |   3 |  677.3 |
               +--------+--------+--------+--------+--------+-----+--------+

Top non-repeatable levels by time:
     D:1: 1404 daAuts
     D:3: 598 daAuts
     D:2: 28 daAuts
